 Dungeon Crawl Stone Soup version 0.30-a0-250-g41c1d76940 (webtiles) character file.

Game seed: 14665865571990088587

24593 sleeves the Bludgeoner (level 12, -1/94 HPs)
             Began as an Armataur Fighter on Oct 12, 2022.
             Was the Champion of Okawaru.
             Slain by a death yak (18 damage)
             ... in a Gauntlet on Oct 13, 2022.
             The game lasted 00:25:29 (15282 turns).

sleeves the Bludgeoner (Armataur Fighter)          Turns: 15282, Time: 00:25:30

Health: -1/94      AC: 14    Str: 26    XL:     12   Next: 82%
Magic:  1/3        EV:  7    Int:  9    God:    Okawaru [******]
Gold:   948        SH:  4    Dex: 10    Spells: 11/11 levels left

rFire   + + .      SeeInvis .    A - +9 morningstar of Keuwoatem {spect, Fly rF++ MP-9 Stlth+}
rCold   + . .      Faith    .    c - +0 buckler
rNeg    . . .      Spirit   .    O - +3 scale mail {rPois}
rPois   +          Reflect  .    x - +2 helmet
rElec   .          Harm     .    i - +0 cloak
rCorr   .          Roll     +    (no gloves)
Will    .....      NoTele   +    (no barding)
Stlth   +.........               (no amulet)
HPRegen 0.35/turn                n - ring of protection from cold
MPRegen 0.08/turn                (no ring)

@: mighty, flying, slowed, very slow
A: large, rugged brown scales 3, deformed body, armoured tail, roll, long
tongue, awkward tongue
a: Renounce Religion, Heroism, Finesse, Duel


You were in a Gauntlet.
You worshipped Okawaru.
Okawaru was exalted by your worship.
You visited 3 branches of the dungeon, and saw 16 of its levels.
You also visited: Gauntlet.

You collected 1224 gold pieces.
You spent 276 gold pieces at shops.

Inventory:

Hand Weapons
 A - the +9 morningstar of Keuwoatem (weapon) {spect, Fly rF++ MP-9 Stlth+}
   (You found it on level 5 of the Dungeon)

   When its wielder attacks, the weapon's spirit leaps out and strikes again.
   The spirit shares a part of any damage it takes with its wielder.
   rF:        It greatly protects you from fire.
   MP:        It affects your magic capacity (-9).
   Fly:       It grants you flight.
   Stlth:     It makes you more stealthy.
 J - a +3 scimitar of flaming
   (You took it off Erica on level 11 of the Dungeon)
Missiles
 a - 7 javelins
 t - 52 poisoned darts (quivered)
 y - 4 boomerangs of dispersal
 B - 5 curare-tipped darts
 H - 4 boomerangs
 P - 2 datura-tipped darts {god gift}
 Q - 5 throwing nets
 T - 3 silver javelins {god gift}
Armour
 c - a +0 buckler (worn)
 i - a +0 cloak (worn)
   (You found it on level 1 of the Dungeon)
 x - a +2 helmet (worn)
   (You found it on level 4 of the Dungeon)
 O - a +3 scale mail of poison resistance (worn)
   (You bought it in a shop on level 6 of the Dungeon)
Jewellery
 n - a ring of protection from cold (left hand)
   (You found it on level 10 of the Dungeon)
 M - a ring of fire
   (You found it on level 12 of the Dungeon)
Wands
 r - a wand of iceblast (8)
   (You found it on level 8 of the Dungeon)
 u - a wand of flame (16)
   (You found it on level 4 of the Dungeon)
 E - a wand of mindburst (11)
   (You found it on level 9 of the Dungeon)
 R - a wand of polymorph (2)
   (You took it off Harold on level 1 of the Lair of Beasts)
 U - a wand of acid (4)
   (You found it on level 2 of the Lair of Beasts)
Scrolls
 b - a scroll of amnesia {unknown}
 e - 2 scrolls of vulnerability
 g - 5 scrolls of poison
 h - 3 scrolls of fear
 j - 6 scrolls of teleportation
 k - 2 scrolls of enchant weapon
 s - 2 scrolls of immolation
 v - 2 scrolls of enchant armour
 w - 2 scrolls of blinking
 D - a scroll of brand weapon
 G - 5 scrolls of identify
 K - 2 scrolls of magic mapping {unknown}
 L - a scroll of torment {unknown}
 S - a scroll of noise {unknown}
Potions
 d - 2 potions of might
 f - 3 potions of brilliance
 l - 4 potions of curing
 m - a potion of mutation
 o - 5 potions of heal wounds
 p - a potion of berserk rage {unknown}
 q - a potion of magic {unknown}
 z - 3 potions of cancellation {unknown}
 C - a potion of haste {unknown}
 F - 3 potions of ambrosia {unknown}
 I - 2 potions of attraction {unknown}
Miscellaneous
 N - a tin of tremorstones (2/2)
   (You found it on level 13 of the Dungeon)


   Skills:
 - Level 2.6 Fighting
 - Level 16.0 Maces & Flails
 + Level 12.1 Throwing
 - Level 3.6 Armour
 - Level 3.2 Shields


You had 11 spell levels left.
You didn't know any spells.
Your spell library contained the following spells:

 Spells                   Type           Power      Damage    Failure   Level
 Freeze                   Ice            0%         1d3       75%         1
 Necrotise                Necr           0%         1d4       75%         1
 Cigotuvi's Dreadful Rot  Necr/Pois/Air  0%         N/A       86%         2
 Frozen Ramparts          Ice            0%         1d1       98%         3
 Hailstorm                Conj/Ice       0%         3d3       98%         3
 Kindle Blastsparks       Fire/Tloc/Air  0%         2d10      98%         3
 Vampiric Draining        Necr           0%         2d6       98%         3
 Dispel Undead            Necr           0%         3d6       100%        4
 Fulminant Prism          Conj/Hex       0%         3d6       100%        4
 Iskenderun's Mystic Bla  Conj/Tloc      0%         2d3       100%        4
 Petrify                  Tmut/Erth      0%         N/A       100%        4
 Agony                    Necr           0%         N/A       100%        5
 Lee's Rapid Deconstruct  Erth           0%         3d5*      100%        5
 Metabolic Englaciation   Hex/Ice        0%         N/A       100%        5
 Eringya's Noxious Bog    Tmut/Pois      0%         N/A       100%        6
 Statue Form              Tmut/Erth      0%         N/A       100%        6
 Summon Forest            Summ/Tloc      Unusable   N/A       N/A         5
 Death Channel            Necr           Unusable   N/A       N/A         6
 Summon Hydra             Summ           Unusable   N/A       N/A         7

Dungeon Overview and Level Annotations

Branches:
Dungeon (13/15)            Temple (1/1) D:6            Lair (2/5) D:9
    Orc (0/2) D:9         Gauntlet (1/1)
  Swamp: Lair:2-3    Shoals: Lair:2-3     Snake: Lair:2-3    Spider: Lair:2-3
 Vaults: D:13-14

Altars:
Ashenzari
Cheibriados
Dithmenos
Elyvilon
Fedhas
Gozag
Hepliaklqana
Kikubaaqudgha
Makhleb
Nemelex Xobeh
Okawaru
Qazlal
Ru
Sif Muna
Trog
Uskayaw
Vehumet
Wu Jian
Xom
Yredelemnul
Zin
The Shining One

Shops:
D:6 [   D:7 :*   D:8 (   D:9 [[

Annotations:
D:3 Terence
D:7 1 runed translucent door, Iusername's ghost, novice MiFi
D:10 1 transporter Gauntlet 11 transporters


Innate Abilities, Weirdness & Mutations

You are completely covered in rugged brown scales. (AC +3, +7% HP)
Armour fits poorly on your strangely shaped body.
You have a long armoured tail.
You roll when moving toward enemies. (Rampage)
Your long tongue fully drains potion bottles. (2x potion effects)
Your tongue gives you trouble enunciating. (1.5x scroll delay)


Message History

I - 2 purple potions (gained 1)
Found a stone staircase leading down.
You now have 987 gold pieces (gained 8).
v - 2 scrolls of enchant armour (gained 1)
j - 5 scrolls of teleportation (gained 1)
Found a stone staircase leading down.
t - 51 poisoned darts (gained 2)
t - 53 poisoned darts (gained 2) Key pressed, stopping explore.
A komodo dragon comes into view.
The komodo dragon hisses angrily.
You roll towards the komodo dragon!
You roll towards the komodo dragon!
You puncture the komodo dragon!
You tail-slap the komodo dragon, but do no damage.
The komodo dragon is moderately wounded.
Your +9 morningstar of Keuwoatem {spect, Fly rF++ MP-9 Stlth+} hits the komodo dragon!!
The komodo dragon bites your +9 morningstar of Keuwoatem {spect, Fly rF++ MP-9 Stlth+}!
Your spectral weapon shares its damage with you!
You bludgeon the komodo dragon!!
You kill the komodo dragon!
Okawaru accepts your kill.
HP restored.
You now have 1008 gold pieces (gained 21).
You now have 1029 gold pieces (gained 21).
Found a stone staircase leading down.
L - a scroll labelled ZUCWUSUXKATH
Found an escape hatch in the ceiling.
g - 5 scrolls of poison (gained 1)
Found a stone staircase leading up.
d - 3 potions of might (gained 1)
An orc comes into view. It is wielding a +0 short sword.
An orc is nearby!
An orc is nearby!
An orc warrior comes into view. It is wielding a +0 flail.
You roll towards the orc! 4 yaks come into view.
The orc warrior shouts!
The yak bellows! x3; You hear a bellow! x2
The orc warrior unwields a +0 flail.
The orc warrior wields a +0 arbalest.
The orc warrior shoots a bolt.
The bolt hits you!
A yak comes into view. x2
An orc wizard comes into view. It is wielding a +0 dagger.
The yak bellows!
The orc warrior shoots a bolt.
The bolt hits you.
You hear a shout!
The orc warrior shoots a bolt.
The bolt hits you but does no damage.
There is a stone staircase leading up here.
You puncture the orc!
You kill the orc!
Okawaru accepts your kill.
The orc warrior shoots a bolt.
The bolt hits you.
You bludgeon the yak!!
The yak is heavily wounded.
Your +9 morningstar of Keuwoatem {spect, Fly rF++ MP-9 Stlth+} hits the yak!!
You kill the yak!
Okawaru accepts your kill.
The orc warrior shoots a bolt.
The bolt hits your +9 morningstar of Keuwoatem {spect, Fly rF++ MP-9 Stlth+}!
Your spectral weapon shares its damage with you!
The orc warrior shoots a bolt.
The bolt barely misses you.
You fly upwards.
There is a stone staircase leading down here.
You start resting.
HP restored.
There is an open door here.
There is a stone staircase leading down here.
You fly downwards.
There is a stone staircase leading up here.
A two-headed ogre is nearby!
A two-headed ogre is nearby!
You throw a poisoned dart.
The poisoned dart barely misses the two-headed ogre.
The two-headed ogre shouts in stereo!
You throw a poisoned dart.
The poisoned dart hits the two-headed ogre.
The two-headed ogre is poisoned.
You throw a poisoned dart.
The poisoned dart barely misses the two-headed ogre.
You throw a poisoned dart.
The poisoned dart hits the two-headed ogre!
The two-headed ogre looks as sick as possible!
The two-headed ogre is lightly wounded.
You throw a poisoned dart.
The poisoned dart hits the two-headed ogre!
The two-headed ogre looks as sick as possible!
The two-headed ogre is lightly wounded.
You roll towards the two-headed ogre!
You completely miss the two-headed ogre.
You tail-slap the two-headed ogre!
The two-headed ogre is moderately wounded.
Your +9 morningstar of Keuwoatem {spect, Fly rF++ MP-9 Stlth+} hits the two-headed ogre!
You strike the helpless two-headed ogre from behind!
You sock the two-headed ogre!
Your tail-slap misses the two-headed ogre.
The two-headed ogre is almost dead.
Your +9 morningstar of Keuwoatem {spect, Fly rF++ MP-9 Stlth+} hits the two-headed ogre!!
You kill the two-headed ogre!
Okawaru is honoured by your kill.
Your Throwing skill increases to level 8!
You have reached level 12!
You feel stronger.
Things that are here:
a +0 giant club; a +0 giant club
t - 49 poisoned darts (gained 1)
t - 50 poisoned darts (gained 1)
t - 51 poisoned darts (gained 1)
t - 52 poisoned darts (gained 1)
There is a stone staircase leading up here.
A yak is nearby!
A yak is nearby!
A yak is nearby!
The yak bellows!
You hear a bellow!
You roll towards the yak!
You impale the yak!!
The yak is heavily wounded.
Your +9 morningstar of Keuwoatem {spect, Fly rF++ MP-9 Stlth+} hits the yak!!
You kill the yak!
Okawaru accepts your kill.
You roll towards the yak!
The yak bellows! x2
You hit the yak.
The yak is lightly wounded.
Your +9 morningstar of Keuwoatem {spect, Fly rF++ MP-9 Stlth+} hits the yak!!
You bludgeon the yak!!
You kill the yak!
Okawaru accepts your kill.
You roll towards the yak!
You barely miss the yak.
Your tail-slap misses the yak.
Your +9 morningstar of Keuwoatem {spect, Fly rF++ MP-9 Stlth+} barely misses the yak.
The yak closely misses you.
You closely miss the yak. You tail-slap the yak!
The yak is moderately wounded.
Your +9 morningstar of Keuwoatem {spect, Fly rF++ MP-9 Stlth+} hits the yak!
The yak gores you but does no damage.
The yak gores your +9 morningstar of Keuwoatem {spect, Fly rF++ MP-9 Stlth+} but does no damage.
You barely miss the yak.
Your tail-slap misses the yak.
The yak is severely wounded.
Your +9 morningstar of Keuwoatem {spect, Fly rF++ MP-9 Stlth+} hits the yak!
You kill the yak!
Okawaru accepts your kill.
You thump the yak! You tail-slap the yak.
The yak is moderately wounded.
Your +9 morningstar of Keuwoatem {spect, Fly rF++ MP-9 Stlth+} hits the yak!
You block the yak's attack.
You impale the yak!!
You kill the yak!
Okawaru accepts your kill. The yak barely misses you.
You impale the yak!!
The yak is severely wounded.
Your +9 morningstar of Keuwoatem {spect, Fly rF++ MP-9 Stlth+} hits the yak!!
You kill the yak!
Okawaru accepts your kill.
Things that are here:
a yak corpse; a yak corpse A manticore comes into view.
The manticore flicks its tail.
The volley of spikes hits you!
The barbed spikes become lodged in your body.
A manticore is nearby!
A manticore is nearby!
The barbs in your skin will harm you if you move.
Continue? [Y]es or [N]o only, please.
The barbs in your skin will harm you if you move.
Continue? [Y]es or [N]o only, please.
The barbs in your skin will harm you if you move.
Continue?
The barbed spikes dig painfully into your body as you move.
You start resting.
A manticore is nearby!
You bludgeon the manticore!!
You tail-slap the manticore, but do no damage.
The manticore is heavily wounded.
Your +9 morningstar of Keuwoatem {spect, Fly rF++ MP-9 Stlth+} hits the manticore!
You puncture the manticore!
The manticore is almost dead.
Your +9 morningstar of Keuwoatem {spect, Fly rF++ MP-9 Stlth+} hits the manticore!
You kill the manticore!
Okawaru accepts your kill.
You carefully extract the barbed spikes from your body.
An orc warrior is nearby!
The orc warrior shouts!
The orc wizard shouts!
The orc warrior shoots a bolt.
The bolt hits you.
The orc warrior shoots a bolt.
The bolt hits you!
The orc warrior shoots a bolt.
The bolt hits you!
You roll towards the orc warrior!
You closely miss the orc warrior.
Your +9 morningstar of Keuwoatem {spect, Fly rF++ MP-9 Stlth+} hits the orc warrior!
The orc wizard hits you but does no damage.
The orc warrior unwields a +0 arbalest.
The orc warrior wields a +0 flail.
The orc warrior barely misses you.
You puncture the orc warrior!
Your tail-slap misses the orc warrior.
The orc warrior is almost dead.
Your +9 morningstar of Keuwoatem {spect, Fly rF++ MP-9 Stlth+} hits the orc warrior!
You kill the orc warrior!
Okawaru accepts your kill. You block the orc wizard's attack.
You bludgeon the orc wizard!!
You kill the orc wizard!
Okawaru accepts your kill.
HP restored.
You now have 1066 gold pieces (gained 37).
Items here: )) [ †.
j - 6 scrolls of teleportation (gained 1)
Things that are here:
a +0 dagger; a +0 robe
M - a ring of fire
Okay, then.
Things that are here:
a +0 dagger; a +0 robe Done exploring.
Done exploring.
Done exploring.
Done exploring.
(D) Dungeon (T) Temple (L) Lair (O) Orcish Mines
Where to? (Enter - D:11 @ (x,y), ? - help)
Things that are here:
a +0 dagger; a +0 robe
Things that are here:
a yak skeleton; a yak skeleton
There is an escape hatch in the floor here.
There is a stone staircase leading down here.
You fly downwards.
The deep elf pyromancer shouts!
There is a stone staircase leading up here.
A deep elf pyromancer is nearby!
Unknown command.
The deep elf pyromancer gestures wildly while chanting.
You fly upwards.
There is a stone staircase leading down here.
You fly downwards.
There is a stone staircase leading up here.
You roll towards the deep elf pyromancer!
You closely miss the deep elf pyromancer.
Your tail-slap misses the deep elf pyromancer.
Your +9 morningstar of Keuwoatem {spect, Fly rF++ MP-9 Stlth+} hits the deep elf pyromancer!
The deep elf pyromancer barely misses you.
You bludgeon the deep elf pyromancer!!
Your tail-slap misses the deep elf pyromancer.
The deep elf pyromancer is almost dead.
Your +9 morningstar of Keuwoatem {spect, Fly rF++ MP-9 Stlth+} hits the deep elf pyromancer!!
You kill the deep elf pyromancer!
Okawaru accepts your kill.
Your Throwing skill increases to level 9!
You swap places.
Things that are here:
a +0 long sword; an elf corpse
l - 4 potions of curing (gained 1)
A vampire mosquito comes into view.
The vampire mosquito buzzes angrily.
You see here 19 gold pieces.
You roll towards the vampire mosquito!
A vampire mosquito comes into view.
The vampire mosquito buzzes angrily.
You bludgeon the vampire mosquito!!
Your tail-slap misses the vampire mosquito.
The vampire mosquito is almost destroyed.
Your +9 morningstar of Keuwoatem {spect, Fly rF++ MP-9 Stlth+} hits the vampire mosquito!!
You destroy the vampire mosquito!
Okawaru accepts your kill.
You roll towards the vampire mosquito!
You hit the vampire mosquito.
The vampire mosquito is lightly damaged.
Your +9 morningstar of Keuwoatem {spect, Fly rF++ MP-9 Stlth+} hits the vampire mosquito!!
You destroy the vampire mosquito!
Okawaru accepts your kill.
You now have 1085 gold pieces (gained 19).
You now have 1101 gold pieces (gained 16).
You now have 1116 gold pieces (gained 15).
You reach down and open the door.
There is an open door here.
A two-headed ogre comes into view.
It is wielding a +0 dire flail and a +0 giant club.
The two-headed ogre shouts in stereo!
A two-headed ogre is nearby!
You throw a poisoned dart.
The poisoned dart hits the two-headed ogre.
The two-headed ogre is poisoned.
You roll towards the two-headed ogre!
You impale the two-headed ogre!!
The two-headed ogre is heavily wounded.
Your +9 morningstar of Keuwoatem {spect, Fly rF++ MP-9 Stlth+} barely misses the two-headed ogre.
You thump the two-headed ogre!
The two-headed ogre is heavily wounded.
Your +9 morningstar of Keuwoatem {spect, Fly rF++ MP-9 Stlth+} hits the two-headed ogre!!
The two-headed ogre hits your +9 morningstar of Keuwoatem {spect, Fly rF++ MP-9 Stlth+} with a +0 dire flail!
Your spectral weapon shares its damage with you!
The two-headed ogre hits your +9 morningstar of Keuwoatem {spect, Fly rF++ MP-9 Stlth+} with a +0 giant club!
Your spectral weapon shares its damage with you!
You puncture the two-headed ogre!
You kill the two-headed ogre!
Okawaru is honoured by your kill.
HP restored.
Things that are here:
a +0 dire flail; a +0 giant club
t - 52 poisoned darts (gained 1)
You now have 1125 gold pieces (gained 9).
Found a potion of degeneration.
You reach down and open the door.
There is an open door here.
A wraith comes into view.
A wraith is nearby!
A wraith is nearby!
You roll towards the wraith!
You roll towards the wraith!
You barely miss the wraith. You tail-slap the wraith.
The wraith is lightly damaged.
Your +9 morningstar of Keuwoatem {spect, Fly rF++ MP-9 Stlth+} hits the wraith!
You block the wraith's attack.
You closely miss the wraith.
The wraith is heavily damaged.
Your +9 morningstar of Keuwoatem {spect, Fly rF++ MP-9 Stlth+} hits the wraith!
You sock the wraith!
You destroy the wraith!
Okawaru accepts your kill.
You now have 1134 gold pieces (gained 9).
Found a book of Callings.
You reach down and open the door.
There is an open door here.
You reach down and open the door.
Found a stone staircase leading down.
There is an open door here.
Found 2 stones.
Found a tin of tremorstones (2/2).
You now have 1143 gold pieces (gained 9).
You pick up a book of Necromancy and begin reading...
You add the spells Necrotise, Vampiric Draining and Agony to your library.
You now have 1151 gold pieces (gained 8).
N - a scroll of identify
As you read the scroll of identify, it crumbles to dust.
f - 3 potions of brilliance You see here a tin of tremorstones (2/2).
N - a tin of tremorstones (2/2)
You reach down and open the door.
Found a hand axe.
There is an open door here.
You now have 1174 gold pieces (gained 23).
Found a stone staircase leading down.
You reach down and open the door.
There is an open door here.
A gargoyle comes into view. It is wielding a +0 mace.
You see here 2 stones.
The gargoyle hurls a stone arrow at you.
The stone arrow hits you!!
You roll towards the gargoyle!
The gargoyle hits you with a +0 mace!
You hit the gargoyle but do no damage.
You tail-slap the gargoyle, but do no damage.
Your +9 morningstar of Keuwoatem {spect, Fly rF++ MP-9 Stlth+} hits the gargoyle!
You puncture the gargoyle!
The gargoyle is almost destroyed.
Your +9 morningstar of Keuwoatem {spect, Fly rF++ MP-9 Stlth+} hits the gargoyle.
The gargoyle hurls a stone arrow at your +9 morningstar of Keuwoatem {spect, Fly rF++ MP-9 Stlth+}.
The stone arrow hits your +9 morningstar of Keuwoatem {spect, Fly rF++ MP-9 Stlth+}!!
Your spectral weapon shares its damage with you!
Your +9 morningstar of Keuwoatem {spect, Fly rF++ MP-9 Stlth+} fades away.
You hit the gargoyle.
You destroy the gargoyle!
Okawaru accepts your kill.
A gargoyle comes into view. It is wielding a +0 dire flail.
You start resting.
HP restored.
A gargoyle is nearby!
A gargoyle is nearby!
You roll towards the gargoyle!
You barely miss the gargoyle.
Your +9 morningstar of Keuwoatem {spect, Fly rF++ MP-9 Stlth+} hits the gargoyle!
You hit the gargoyle.
The gargoyle is severely damaged.
Your +9 morningstar of Keuwoatem {spect, Fly rF++ MP-9 Stlth+} hits the gargoyle but does no damage.
You block the gargoyle's attack.
You sock the gargoyle!
You destroy the gargoyle!
Okawaru accepts your kill.
You see here a +0 dire flail.
A centaur warrior comes into view.
A centaur warrior is nearby!
A centaur warrior is nearby!
There is a stone staircase leading up here.
You fly upwards.
There is a stone staircase leading down here.
Things that are here:
a +0 plate armour; a +0 short sword
There is a stone staircase leading up here.
You fly upwards.
There is a stone staircase leading down here.
You roll towards the skeletal warrior!
You puncture the skeletal warrior!
The skeletal warrior is moderately damaged.
Your +9 morningstar of Keuwoatem {spect, Fly rF++ MP-9 Stlth+} closely misses the skeletal warrior.
The skeletal warrior hits you with a +0 mace!
You hit the skeletal warrior.
The skeletal warrior is moderately damaged.
Your +9 morningstar of Keuwoatem {spect, Fly rF++ MP-9 Stlth+} barely misses the skeletal warrior.
The skeletal warrior hits you with a +0 mace!
You closely miss the skeletal warrior.
The skeletal warrior is moderately damaged.
Your +9 morningstar of Keuwoatem {spect, Fly rF++ MP-9 Stlth+} hits the skeletal warrior.
The skeletal warrior hits you but does no damage.
You hit the skeletal warrior. You tail-slap the skeletal warrior.
The skeletal warrior is moderately damaged.
Your +9 morningstar of Keuwoatem {spect, Fly rF++ MP-9 Stlth+} hits the skeletal warrior.
You hit the skeletal warrior. You tail-slap the skeletal warrior.
The skeletal warrior is heavily damaged.
Your +9 morningstar of Keuwoatem {spect, Fly rF++ MP-9 Stlth+} hits the skeletal warrior.
The skeletal warrior closely misses your +9 morningstar of Keuwoatem {spect, Fly rF++ MP-9 Stlth+}.
You closely miss the skeletal warrior.
Your tail-slap misses the skeletal warrior.
The skeletal warrior is heavily damaged.
Your +9 morningstar of Keuwoatem {spect, Fly rF++ MP-9 Stlth+} hits the skeletal warrior!
The skeletal warrior hits your +9 morningstar of Keuwoatem {spect, Fly rF++ MP-9 Stlth+} with a +0 mace!
Your spectral weapon shares its damage with you!
You sock the skeletal warrior!
Your tail-slap misses the skeletal warrior.
The skeletal warrior is almost destroyed.
Your +9 morningstar of Keuwoatem {spect, Fly rF++ MP-9 Stlth+} barely misses the skeletal warrior.
The skeletal warrior hits you with a +0 mace.
You are too injured to fight recklessly!
You are too injured to fight recklessly!
You are too injured to fight recklessly!
You are too injured to fight recklessly!
You are too injured to fight recklessly!
You puncture the skeletal warrior!
You destroy the skeletal warrior!
Okawaru accepts your kill.
Your Throwing skill increases to level 10!
You start resting.
HP restored.
(D) Dungeon (T) Temple (L) Lair (O) Orcish Mines
Where to? (Enter - D:6 @ (x,y), ? - help)
Things that are here:
a +0 robe; a wand of charming (3)
There is a stone staircase leading up, spattered with blood here.
Items here: ))))))) [[[.
There is a stone staircase leading up here.
You fly upwards.
Level annotation: 1 transporter
There is a stone staircase leading down here.
There is a stone staircase leading up here.
You fly upwards.
There is a stone staircase leading down here.
There is a stone staircase leading up here.
You fly upwards.
There is a stone staircase leading down here.
There is an open door here.
There is a stone staircase leading up here.
You fly upwards.
Level annotation: 1 runed translucent door, Iusername's ghost, novice MiFi
There is a stone staircase leading down here.
There is a stone staircase leading up here.
You fly upwards.
There is a stone staircase leading down here.
There is an entrance to Fisow's Armour Boutique here.
O - a +3 scale mail of poison resistance Thank you for shopping at Fisow's Armour Boutique!
You can access your shopping list by pressing '$'.
You start removing your armour.
You continue taking off your +3 ring mail. x4
You finish taking off your +3 ring mail.
You start putting on your armour.
You continue putting on your +3 scale mail of poison resistance. x5
You finish putting on your +3 scale mail of poison resistance.
You feel resistant to poison.
You drop a +3 ring mail.
Unknown command.
(D) Dungeon (T) Temple (L) Lair (O) Orcish Mines
Where to? (Enter - D:6 @ (x,y), ? - help)
What level of the Lair of Beasts? (default 1, ? - help)
There is a stone staircase leading down here.
You fly downwards.
Level annotation: 1 runed translucent door, Iusername's ghost, novice MiFi
There is a stone staircase leading up here.
There is a stone staircase leading down here.
You fly downwards.
There is a stone staircase leading up here.
There is an open door here.
There is a stone staircase leading down here.
You fly downwards.
There is a stone staircase leading up here.
There is a large open door here.
You see here a +0 short sword.
There is a large open door here.
There is a staircase to the Lair here.
You fly downwards.
Welcome to the Lair of Beasts!
Found a scroll of fear and a short sword.
There is a staircase back to the Dungeon here.
Found 4 stones.
h - 4 scrolls of fear (gained 1)
G - 3 scrolls of identify A black mamba comes into view.
Found 10 stones.
You roll towards the black mamba!
You puncture the black mamba!
The black mamba is heavily wounded.
Your +9 morningstar of Keuwoatem {spect, Fly rF++ MP-9 Stlth+} hits the black mamba!
The black mamba bites you.
You hit the black mamba.
The black mamba is severely wounded.
Your +9 morningstar of Keuwoatem {spect, Fly rF++ MP-9 Stlth+} hits the black mamba!!
You kill the black mamba!
Okawaru accepts your kill.
HP restored.
Found 4 stones.
Found a stone staircase leading down.
Found a stone staircase leading down.
A catoblepas comes into view.
A catoblepas is nearby!
A catoblepas is nearby!
A catoblepas is nearby!
The catoblepas breathes a plume of calcifying dust at you.
The blast of calcifying dust hits you but does no damage.
The catoblepas breathes a plume of calcifying dust at you.
The blast of calcifying dust hits you but does no damage.
You roll towards the catoblepas!
You impale the catoblepas!!
The catoblepas is moderately wounded.
Your +9 morningstar of Keuwoatem {spect, Fly rF++ MP-9 Stlth+} hits the catoblepas!
The catoblepas breathes a plume of calcifying dust at you.
The blast of calcifying dust hits you. The catoblepas gores you!
You barely miss the catoblepas.
The catoblepas is heavily wounded.
Your +9 morningstar of Keuwoatem {spect, Fly rF++ MP-9 Stlth+} hits the catoblepas!!
You hit the catoblepas.
The catoblepas is severely wounded.
Your +9 morningstar of Keuwoatem {spect, Fly rF++ MP-9 Stlth+} hits the catoblepas!!
You kill the catoblepas!
Okawaru is honoured by your kill. Okawaru grants you throwing weapons!
Something appears at your feet!
P - 2 datura-tipped darts {god gift}
K - 2 scrolls labelled QURROFASUI (gained 1)
You pick up a book of Blasting and begin reading...
You add the spells Kindle Blastsparks, Fulminant Prism, Iskenderun's Mystic Blast and Lee's Rapid Deconstruction to your library.
Found 2 stones.
Found a potion of degeneration.
You see here a potion of degeneration.
Found a stone staircase leading down.
E - a wand of mindburst (11) (gained 2 charges) 2 yaks come into view.
The yak bellows!
There are monsters nearby!
There are monsters nearby!
A yak comes into view.
Found an escape hatch in the floor.
The yak bellows!
A yak comes into view.
The yak bellows!
A yak comes into view. x2
The yak bellows!
You roll towards the yak!
You sock the yak!
The yak is moderately wounded.
Your +9 morningstar of Keuwoatem {spect, Fly rF++ MP-9 Stlth+} closely misses the yak.
The yak gores you but does no damage. x2
You puncture the yak! You tail-slap the yak.
The yak is severely wounded.
Your +9 morningstar of Keuwoatem {spect, Fly rF++ MP-9 Stlth+} hits the yak!!
You kill the yak!
Okawaru accepts your kill. The yak gores you but does no damage.
You impale the yak!!
The yak is severely wounded.
Your +9 morningstar of Keuwoatem {spect, Fly rF++ MP-9 Stlth+} barely misses the yak.
You puncture the yak!
Your tail-slap misses the yak.
The yak is almost dead.
Your +9 morningstar of Keuwoatem {spect, Fly rF++ MP-9 Stlth+} hits the yak!
You kill the yak!
Okawaru accepts your kill.
You roll towards the yak!
You bludgeon the yak!!
The yak is severely wounded.
Your +9 morningstar of Keuwoatem {spect, Fly rF++ MP-9 Stlth+} hits the yak!!
You kill the yak!
Okawaru accepts your kill. The yak completely misses you.
The yak gores you but does no damage.
You sock the yak!
The yak is heavily wounded.
Your +9 morningstar of Keuwoatem {spect, Fly rF++ MP-9 Stlth+} closely misses the yak.
You block the yak's attack. The yak gores you!
The yak gores you but does no damage.
You impale the yak!!
The yak is almost dead.
Your +9 morningstar of Keuwoatem {spect, Fly rF++ MP-9 Stlth+} hits the yak!!
You kill the yak!
Okawaru accepts your kill.
You barely miss the yak.
Your +9 morningstar of Keuwoatem {spect, Fly rF++ MP-9 Stlth+} hits the yak!
The yak barely misses you. The yak gores you.
You hit the yak.
The yak is heavily wounded.
Your +9 morningstar of Keuwoatem {spect, Fly rF++ MP-9 Stlth+} hits the yak!
The yak completely misses you. You block the yak's attack.
You hit the yak.
The yak is almost dead.
Your +9 morningstar of Keuwoatem {spect, Fly rF++ MP-9 Stlth+} hits the yak!
You kill the yak!
Okawaru accepts your kill.
You bludgeon the yak!!
Your tail-slap misses the yak.
The yak is severely wounded.
Your +9 morningstar of Keuwoatem {spect, Fly rF++ MP-9 Stlth+} barely misses the yak.
You block the yak's attack.
You impale the yak!!
You kill the yak!
Okawaru accepts your kill.
No target in view!
You now have 915 gold pieces (gained 17).
You now have 921 gold pieces (gained 6).
Found a robe.
You see here a +0 robe.
Harold the Weathered comes into view.
He is wielding a +3 trident of flaming and carrying a wand of polymorph (2).
Harold is nearby!
Harold is nearby!
You throw a poisoned dart. The poisoned dart hits Harold.
Harold is poisoned.
You throw a poisoned dart. The poisoned dart hits Harold!!
Harold looks as sick as possible!
You throw a poisoned dart. The poisoned dart hits Harold.
Harold looks as sick as possible!
The polar bear falls through a shaft!
The shaft crumbles and collapses.
You roll towards Harold!
Harold hits you but does no damage.
You roll towards Harold!
You puncture Harold!
Harold is moderately wounded.
Your +9 morningstar of Keuwoatem {spect, Fly rF++ MP-9 Stlth+} hits Harold!
Harold hits you but does no damage.
You puncture Harold!
Harold is severely wounded.
Your +9 morningstar of Keuwoatem {spect, Fly rF++ MP-9 Stlth+} hits Harold!!
You kill Harold!
Okawaru accepts your kill.
No target in view!
Q - 5 throwing nets;
R - a wand of polymorph (2)
F - 2 viscous yellow potions (gained 1)
Things that are here:
a +3 trident of flaming; a +0 chain mail
t - 51 poisoned darts (gained 2)
t - 52 poisoned darts (gained 1)
G - 5 scrolls of identify (gained 2)
You now have 933 gold pieces (gained 12).
o - 5 potions of heal wounds (gained 1)
S - a scroll labelled YSHRUI NIMOERIM
There is a shaft here.
There is a shaft here.
Found a morningstar.
You see here a +0 morningstar.
A cane toad comes into view.
The cane toad croaks.
A cane toad is nearby!
A water moccasin comes into view.
The water moccasin hisses angrily.
You roll towards the cane toad!
You barely miss the cane toad.
Your +9 morningstar of Keuwoatem {spect, Fly rF++ MP-9 Stlth+} hits the cane toad!!
The cane toad stings you but does no damage.
You impale the cane toad!!
You kill the cane toad!
Okawaru accepts your kill.
Your Throwing skill increases to level 11!
You roll towards the water moccasin!
You bludgeon the water moccasin!!
The water moccasin is almost dead.
Your +9 morningstar of Keuwoatem {spect, Fly rF++ MP-9 Stlth+} closely misses the water moccasin.
The water moccasin bites you but does no damage.
You hit the water moccasin but do no damage.
The water moccasin is almost dead.
Your +9 morningstar of Keuwoatem {spect, Fly rF++ MP-9 Stlth+} closely misses the water moccasin.
The water moccasin bites you.
A water moccasin is nearby!
You sock the water moccasin!
You kill the water moccasin!
Okawaru accepts your kill.
No target in view!
You see here a cane toad corpse.
Found a chain mail.
A cane toad comes into view.
The cane toad gives a loud, deep croak!
A cane toad is nearby!
You roll towards the cane toad!
You roll towards the cane toad!
You hit the cane toad.
The cane toad is lightly wounded.
Your +9 morningstar of Keuwoatem {spect, Fly rF++ MP-9 Stlth+} completely misses the cane toad.
The cane toad stings you!
You impale the cane toad!!
The cane toad is severely wounded.
Your +9 morningstar of Keuwoatem {spect, Fly rF++ MP-9 Stlth+} hits the cane toad!!
You kill the cane toad!
Okawaru accepts your kill.
No target in view!
Key pressed, stopping explore.
Done exploring.
Done exploring.
Done exploring.
Done exploring.
Done exploring.
(D) Dungeon (T) Temple (L) Lair (O) Orcish Mines
Where to? (Enter - Lair:1, ? - help)
There is a stone staircase leading down here.
You fly downwards.
You hear a distant snort.
Hark!
There is a gateway to a gauntlet on this level.
Find the entrance quickly before the gate is sealed!
Found a stone staircase leading down.
There is a stone staircase leading up here.
Unknown command.
A komodo dragon comes into view.
The komodo dragon hisses angrily.
You hear an angry hiss.
A komodo dragon comes into view.
There are monsters nearby!
There are monsters nearby!
You roll towards the komodo dragon!
You bludgeon the komodo dragon!!
The komodo dragon is heavily wounded.
Your +9 morningstar of Keuwoatem {spect, Fly rF++ MP-9 Stlth+} hits the komodo dragon.
You sock the komodo dragon!
The komodo dragon is almost dead.
Your +9 morningstar of Keuwoatem {spect, Fly rF++ MP-9 Stlth+} hits the komodo dragon!
You kill the komodo dragon!
Okawaru accepts your kill.
You bludgeon the komodo dragon!! You tail-slap the komodo dragon!
The komodo dragon is severely wounded.
Your +9 morningstar of Keuwoatem {spect, Fly rF++ MP-9 Stlth+} completely misses the komodo dragon.
You block the komodo dragon's attack.
You sock the komodo dragon!
The komodo dragon is almost dead.
Your +9 morningstar of Keuwoatem {spect, Fly rF++ MP-9 Stlth+} hits the komodo dragon!!
You kill the komodo dragon!
Okawaru accepts your kill.
You swap places.
A polar bear comes into view.
Found a viscous yellow potion.
Things that are here:
a komodo dragon corpse; a komodo dragon corpse You roll towards the polar bear!
A cane toad comes into view.
Found a gate leading to a gauntlet.
Things that are here:
a komodo dragon corpse; a komodo dragon corpse You roll towards the cane toad!
You hit the cane toad.
The cane toad is lightly wounded.
The cane toad stings you!
You sock the cane toad!
The cane toad is moderately wounded.
The cane toad stings you!
You are poisoned.
The cane toad poisons you!
You puncture the cane toad!
The cane toad is severely wounded.
You feel very sick. The cane toad stings you.
You feel very sick.
You impale the cane toad!!
You kill the cane toad!
Okawaru accepts your kill. Okawaru grants you throwing weapons!
Something appears at your feet!
You feel very sick.
You feel very sick.
You roll towards the polar bear!
You sock the polar bear! You tail-slap the polar bear.
The polar bear is moderately wounded.
Your +9 morningstar of Keuwoatem {spect, Fly rF++ MP-9 Stlth+} hits the polar bear!!
You kill the polar bear!
Okawaru accepts your kill.
You feel sick.
You feel sick.
T - 3 silver javelins {god gift} You feel sick.
You feel sick.
Things that are here:
a komodo dragon corpse; a komodo dragon corpse You start resting.
You feel sick. x4
You are no longer poisoned.
You start resting.
You hear the loud beating of a drum very nearby.
You start resting.
You hear the loud beating of a drum very nearby.
Found a stone staircase leading up.
Found a worn bone wand and 5 stones.
F - 3 viscous yellow potions (gained 1)
Found 15 gold pieces.
A yak comes into view.
The yak bellows!
You hear a bellow!
A blink frog comes into view.
A yak comes into view. x2
The yak bellows!
You hear a croak.
A yak comes into view. x2
The blink frog blinks!
A blink frog comes into view.
You see here a wand of acid (4).
U - a wand of acid (4)
The blink frog croaks.
The yak bellows! x2
A blink frog comes into view.
Things that are here:
a komodo dragon corpse; a komodo dragon corpse A blink frog comes into view.
The blink frog croaks.
You impale the blink frog!!
The blink frog is heavily wounded.
The blink frog closely misses you.
The blink frog blinks!
You closely miss the blink frog.
The blink frog is heavily wounded.
The blink frog blinks!
You impale the blink frog!!
The blink frog is severely wounded.
The blink frog hits you but does no damage.
You closely miss the blink frog.
Your tail-slap misses the blink frog.
The blink frog is severely wounded.
The blink frog hits you.
The blink frog blinks!
You sock the blink frog!
The blink frog is almost dead.
The blink frog blinks! x2
You closely miss the blink frog.
The blink frog is almost dead.
Your +9 morningstar of Keuwoatem {spect, Fly rF++ MP-9 Stlth+} misses the blink frog.
You block the blink frog's attack.
You puncture the blink frog!
You kill the blink frog!
Okawaru accepts your kill.
You thump the yak! You tail-slap the yak.
The yak is moderately wounded.
The blink frog blinks!
You puncture the yak!
The yak is severely wounded.
The yak gores you.
You bludgeon the yak!!
You kill the yak!
Okawaru accepts your kill.
You sock the blink frog!
The blink frog is severely wounded.
The blink frog barely misses you.
You miss the blink frog.
Your tail-slap misses the blink frog.
The blink frog is severely wounded.
You block the blink frog's attack.
You impale the blink frog!!
You kill the blink frog!
Okawaru accepts your kill.
You puncture the blink frog!
Your tail-slap misses the blink frog.
The blink frog is moderately wounded.
The blink frog hits you but does no damage.
You hit the blink frog.
The blink frog is heavily wounded.
The blink frog barely misses you.
You puncture the blink frog!
You kill the blink frog!
Okawaru accepts your kill.
You barely miss the blink frog. The blink frog barely misses you.
You puncture the blink frog!
The blink frog is moderately wounded.
The blink frog hits you!
You thump the blink frog!
The blink frog is severely wounded.
The blink frog blinks!
You impale the yak!!
You tail-slap the yak, but do no damage.
The yak is heavily wounded.
The yak gores you!
You thump the yak! You tail-slap the yak.
You kill the yak!
Okawaru accepts your kill. Okawaru grants you throwing weapons!
Something appears at your feet!
You sock the yak! You tail-slap the yak.
The yak is moderately wounded.
The blink frog blinks!
You completely miss the yak.
The yak is moderately wounded.
The blink frog blinks!
The yak gores you but does no damage.
You thump the yak! You tail-slap the yak.
The yak is severely wounded.
The yak gores you but does no damage.
You hit the yak.
The yak is severely wounded.
You barely miss the yak. You tail-slap the yak.
The yak is severely wounded.
The yak gores you but does no damage.
You puncture the yak!
You kill the yak!
Okawaru accepts your kill.
You puncture the yak!
The yak is moderately wounded.
You hear the loud beating of a drum very nearby.
The yak gores you.
You sock the yak!
The yak is moderately wounded.
You hit the yak.
The yak is heavily wounded.
You block the yak's attack.
You hit the yak but do no damage. You tail-slap the yak.
The yak is severely wounded.
The yak gores you but does no damage.
You thump the yak! You tail-slap the yak!
The yak is almost dead.
The blink frog blinks!
You hit the yak.
You kill the yak!
Okawaru accepts your kill.
Your Throwing skill increases to level 12!
You hit the yak.
The yak is lightly wounded.
The yak barely misses you.
You hit the yak.
The yak is moderately wounded.
The yak barely misses you.
You hit the yak.
The yak is heavily wounded.
You hit the yak. You tail-slap the yak!
The yak is almost dead.
The yak gores you.
You bludgeon the yak!!
You kill the yak!
Okawaru accepts your kill.
You hit the blink frog.
The blink frog is almost dead.
The blink frog hits you.
You bludgeon the blink frog!!
You kill the blink frog!
Okawaru accepts your kill.
No target in view!
No target in view!
No target in view!
No target in view!
No target in view!
No target in view!
No target in view!
a - 7 javelins (gained 2)
You see here a yak corpse.
You start resting.
You hear the thunderous beating of a drum.
There is a gate leading to a gauntlet here.
Beware, the minotaur awaits!
You now have 948 gold pieces (gained 15).
There is a gate leading to a gauntlet here.
Beware, the minotaur awaits!
The world spins around you as you enter the gateway.
You enter a gauntlet!
The nature of this place prevents you from teleporting.
Found a gate leading back out of this place.
Found a transporter.
There is an empty arch of ancient stone here.
HP restored.
Found a transporter.
The neqoxec shouts!
Key pressed, stopping explore.
Key pressed, stopping explore.
Key pressed, stopping explore.
Found two transporters.
Key pressed, stopping explore.
Key pressed, stopping explore.
Key pressed, stopping explore.
Key pressed, stopping explore.
Key pressed, stopping explore.
Key pressed, stopping explore.
Found a transporter.
Key pressed, stopping explore.
Key pressed, stopping explore.
Key pressed, stopping explore.
Found a transporter.
The meliai buzzes angrily.
The meliai buzzes angrily.
The meliai buzzes angrily.
Key pressed, stopping explore.
Key pressed, stopping explore.
Key pressed, stopping explore.
Key pressed, stopping explore.
Found a scale mail.
Found a transporter.
The quicksilver ooze quivers.
Key pressed, stopping explore.
Key pressed, stopping explore.
The quicksilver ooze jiggles.
Found two transporters.
Found a transporter.
The death yak bellows!
Found a helmet.
The death yak bellows!
The quicksilver ooze quivers.
The death yak bellows!
Found two transporters.
Found a leather armour.
The thrashing horror roars!
Key pressed, stopping explore.
The neqoxec shouts!
You hear a shout!
Partly explored, unvisited transporter.
Partly explored, unvisited transporter.
The neqoxec shouts!
The death yak bellows!
There is a transporter here.
Okay, then.
You gain the combat prowess of a mighty hero.
You enter the transporter and appear at another place.
Being near the torpor snail leaves you feeling lethargic.
The death yak attacks as you move away! The death yak gores you!
You completely miss the death yak. The death yak gores you!!
You feel very mighty all of a sudden. You block the death yak's attack.
The death yak gores you!
You thump the death yak!
The death yak is lightly wounded.
The death yak gores you but does no damage.
You sock the death yak!
The death yak is moderately wounded.
The death yak gores you.
You bludgeon the death yak!!
The death yak is heavily wounded.
The death yak gores you!
* * * LOW HITPOINT WARNING * * *
The death yak gores you!!
* * * LOW HITPOINT WARNING * * *
Blink to where?
Press: ? - help, Dir - move target
Okay, then.
As you read the scroll of fear, it crumbles to dust.
You assume a fearsome visage.
The torpor snail resists with almost no effort.
The death yak resists with almost no effort.
The death yak easily resists.
You feel like a meek peon again. The death yak gores you.
* * * LOW HITPOINT WARNING * * *
The death yak barely misses you. The death yak gores you!!
You die...

........#...#########...##
#########...............≈#
..........8.....8.....8.##
...8.....................##
...........###########...≈#
########...##.......##...##
.......#...#.#.....#.#.∩.≈#
$###.#######|.#.YY#..#...##
[.#...##...#...#@#...#...≈#
©.#©#.##©.©#©...#Y...#©8.##
....#..#...#[..#.#...#...≈#
$#.###y#####[.#...#..#...##
.....yy#...#.#.....#.#.∩.≈#
########...##.......##...##
...........###########...≈#
...8.....................##
..........8.....8.....8.##


You could see 3 death yaks.

Vanquished Creatures
  Harold (Lair:1)
  Erica (D:11)
  A catoblepas (Lair:1)
  7 two-headed ogres
  6 skeletal warriors
  A fire crab (shapeshifter) (D:9)
  A manticore (D:12)
  A deep elf pyromancer (D:13)
  A black mamba (Lair:1)
  3 gargoyles
  3 cane toads
  5 kobold demonologists (D:10)
  4 komodo dragons
  A hornet (D:11)
  3 trolls
  A polar bear (Lair:2)
  4 blink frogs (Lair:2)
  3 vampires
  5 wraiths
  2 wyverns
  17 yaks
  A steam dragon (D:7)
  5 vampire mosquitoes
  An acid dragon (D:11)
  2 water moccasins
  3 orc warriors
  A sky beast (D:6)
  2 black bears
  3 ogres
  3 centaurs
  6 kobold brigands
  3 necrophages
  A bullfrog (D:9)
  3 scorpions
  7 wights
  4 howler monkeys
  A hound (D:4)
  2 jellies
  5 orc priests
  Jessica (D:3)
  3 iguanas
  13 orc wizards
  9 gnolls
  5 adders
  2 shadow imps
  A white imp (D:5)
  4 dart slugs
  24 orcs
  6 ball pythons
  2 bats
  7 endoplasms
  2 giant cockroaches
  3 goblins
  7 hobgoblins
  11 jackals
  26 kobolds
  3 quokkas
  4 frilled lizards
  6 rats
263 creatures vanquished.

Vanquished Creatures (others)
  2 plants (D:9)
2 creatures vanquished.

Grand Total: 265 creatures vanquished

Notes
Turn   | Place    | Note
-------+----------+-------------------------------------------
     0 | D:1      | sleeves the Armataur Fighter began the quest for the Orb.
     0 | D:1      | Reached XP level 1. HP: 19/19 MP: 1/1
    55 | D:1      | Reached skill level 2 in Maces & Flails
   121 | D:1      | Reached XP level 2. HP: 23/26 MP: 2/2
   512 | D:1      | Reached skill level 3 in Maces & Flails
   740 | D:2      | Found a faded altar of an unknown god.
   797 | D:1      | Reached XP level 3. HP: 27/32 MP: 3/3
  1200 | D:2      | Reached XP level 4. HP: 38/39 MP: 4/4
  1213 | D:2      | Reached skill level 4 in Maces & Flails
  1708 | D:3      | Noticed Terence
  2059 | D:3      | Found a basalt altar of Yredelemnul.
  2085 | D:3      | Reached XP level 5. HP: 44/44 MP: 5/5
  2410 | D:3      | Found a bloodstained altar of Trog.
  2471 | D:3      | Noticed Jessica
  2474 | D:3      | Killed Jessica
  2475 | D:3      | Reached skill level 5 in Maces & Flails
  2892 | D:4      | Reached XP level 6. HP: 47/53 MP: 6/6
  2919 | D:4      | Reached skill level 6 in Maces & Flails
  3214 | D:4      | HP: 23/53 [gnoll/+0 halberd (9)]
  3985 | D:4      | Reached skill level 7 in Maces & Flails
  4337 | D:5      | Entered Level 5 of the Dungeon
  4424 | D:5      | Reached XP level 7. HP: 56/59 MP: 7/7
  4777 | D:5      | HP: 27/59 [ogre/+0 giant club (11)]
  5078 | D:5      | Identified the +9 morningstar of Keuwoatem {spect, Fly rF++
                  | MP-9 Stlth+}
  5119 | D:5      | Reached skill level 8 in Maces & Flails
  5390 | D:6      | Noticed a two-headed ogre
  5475 | D:6      | Reached XP level 8. HP: 63/66 MP: 0/8
  5647 | D:6      | Reached skill level 9 in Maces & Flails
  5649 | D:6      | Found a staircase to the Ecumenical Temple.
  5656 | Temple   | Entered the Ecumenical Temple
  5902 | Temple   | Became a worshipper of Warmaster Okawaru
  5926 | D:6      | Noticed a troll
  5931 | D:6      | Killed a troll
  6005 | D:6      | Reached skill level 10 in Maces & Flails
  6047 | D:6      | Found Fisow's Armour Boutique.
  6228 | D:6      | Found a glowing golden altar of the Shining One.
  6350 | D:7      | Noticed Iusername's ghost (novice MiFi)
  6464 | D:7      | Found Neunogotz's Book Shop.
  6495 | D:7      | Found a runed translucent door.
  6574 | D:7      | Found Xabeodwesh's Assorted Antiques.
  6658 | D:7      | Reached * piety under Okawaru
  6725 | D:7      | Reached XP level 9. HP: 72/72 MP: 0/9
  6728 | D:7      | Reached skill level 11 in Maces & Flails
  7029 | D:8      | Noticed a two-headed ogre
  7211 | D:8      | Noticed a skeletal warrior
  7211 | D:8      | Found the +5 scythe "Finisher" {speed, eviscerate}
  7215 | D:8      | Killed a skeletal warrior
  7215 | D:8      | Reached ** piety under Okawaru
  7216 | D:8      | Reached skill level 12 in Maces & Flails
  7396 | D:8      | Found a snail-covered altar of Cheibriados.
  7465 | D:8      | HP: 24/72 [orc priest/divine providence (14)]
  8024 | D:8      | Found Emec's Weapon Shop.
  8202 | D:9      | Reached skill level 13 in Maces & Flails
  8286 | D:9      | Noticed a fire crab
  8303 | D:9      | Killed a fire crab
  8303 | D:9      | Reached *** piety under Okawaru
  8304 | D:9      | Reached XP level 10. HP: 66/79 MP: 1/10
  8518 | D:9      | Noticed a two-headed ogre
  8527 | D:9      | Killed a two-headed ogre
  8528 | D:9      | Reached skill level 14 in Maces & Flails
  8565 | D:9      | Found Lonun's Armour Shoppe.
  8567 | D:9      | Found a staircase to the Orcish Mines.
  8680 | D:9      | Found Reman's Antique Armour Shop.
  8852 | D:9      | Found a staircase to the Lair.
  8869 | D:9      | Reached **** piety under Okawaru
  9099 | D:6      | Killed a two-headed ogre
  9293 | D:10     | Entered Level 10 of the Dungeon
  9402 | D:10     | Reached skill level 15 in Maces & Flails
  9431 | D:10     | Noticed a sun demon
  9475 | D:10     | Reached ***** piety under Okawaru
  9635 | D:10     | Noticed a two-headed ogre
  9636 | D:10     | Reached XP level 11. HP: 84/86 MP: 2/11
  9650 | D:10     | HP: 34/86 [poisoned by a kobold brigand (curare-tipped
                  | dart)]
  9655 | D:10     | HP: 21/86 [poisoned by a kobold brigand (curare-tipped
                  | dart)]
  9662 | D:10     | HP: 15/86 [asphyx]
  9667 | D:10     | HP: 28/86 [asphyx]
  9672 | D:9      | HP: 21/86 [poisoned by a kobold brigand (curare-tipped
                  | dart)]
  9878 | D:10     | Found a transporter.
  9921 | D:10     | Killed a two-headed ogre
 10299 | D:11     | HP: 42/86 [vampire mosquito (6)]
 10435 | D:10     | Reached skill level 16 in Maces & Flails
 10547 | D:11     | Reached skill level 1 in Throwing
 10551 | D:11     | Paralysed by a hornet for 1 turns
 10554 | D:11     | HP: 42/86 [poisoned by a hornet]
 10559 | D:11     | HP: 39/86 [poisoned by a hornet]
 10625 | D:11     | Noticed Erica
 10741 | D:11     | Killed Erica
 10742 | D:11     | Reached skill level 3 in Throwing
 10795 | D:11     | Noticed a two-headed ogre
 10802 | D:11     | Killed a two-headed ogre
 10803 | D:11     | Reached skill level 4 in Throwing
 10925 | D:11     | Identified the +0 barding "Jodarieli" {god gift, Harm rC+
                  | Str-3 Int+6} (Okawaru gifted it to you on level 11 of the
                  | Dungeon)
 10925 | D:11     | Received a gift from Okawaru
 10956 | D:11     | Identified the +7 shortbow "Bidoho" {speed, rCorr Str+4}
 11054 | D:11     | Noticed a two-headed ogre
 11060 | D:11     | Killed a two-headed ogre
 11061 | D:11     | Reached skill level 5 in Throwing
 11204 | D:11     | Noticed a skeletal warrior
 11227 | D:11     | Killed a skeletal warrior
 11354 | D:11     | Noticed a skeletal warrior
 11354 | D:11     | Noticed a skeletal warrior
 11354 | D:11     | Noticed a skeletal warrior
 11354 | D:11     | Noticed a skeletal warrior
 11397 | D:10     | Killed a skeletal warrior
 11398 | D:10     | Reached skill level 6 in Throwing
 11554 | D:11     | Killed a skeletal warrior
 11676 | D:11     | Killed a skeletal warrior
 11677 | D:11     | Reached skill level 7 in Throwing
 11868 | D:12     | Noticed a two-headed ogre
 11873 | D:12     | HP: 39/86 [two-headed ogre/+0 giant club (22)]
 12809 | D:12     | Killed a two-headed ogre
 12810 | D:12     | Reached skill level 8 in Throwing
 12810 | D:12     | Reached XP level 12. HP: 94/94 MP: 3/12
 13239 | D:13     | Reached skill level 9 in Throwing
 13345 | D:13     | Noticed a two-headed ogre
 13352 | D:13     | Killed a two-headed ogre
 13707 | D:13     | Noticed a centaur warrior
 13803 | D:11     | Reached skill level 10 in Throwing
 13993 | D:6      | Bought a +3 scale mail of poison resistance for 276 gold
                  | pieces
 14095 | Lair:1   | Entered Level 1 of the Lair of Beasts
 14172 | Lair:1   | Noticed a catoblepas
 14186 | Lair:1   | Killed a catoblepas
 14186 | Lair:1   | Received a gift from Okawaru
 14513 | Lair:1   | Noticed Harold
 14519 | Lair:1   | Killed Harold
 14519 | Lair:1   | Reached ****** piety under Okawaru
 14651 | Lair:1   | Reached skill level 11 in Throwing
 14838 | Lair:2   | Found a gate leading to a gauntlet.
 14846 | Lair:2   | Received a gift from Okawaru
 14981 | Lair:2   | Received a gift from Okawaru
 14994 | Lair:2   | Reached skill level 12 in Throwing
 15057 | Gauntlet | Entered a Gauntlet
 15057 | Gauntlet | Found a transporter.
 15073 | Gauntlet | Noticed a cacodemon
 15075 | Gauntlet | Found a transporter.
 15096 | Gauntlet | Found a transporter.
 15096 | Gauntlet | Found a transporter.
 15118 | Gauntlet | Found a transporter.
 15131 | Gauntlet | Found a transporter.
 15144 | Gauntlet | Noticed a quicksilver ooze
 15145 | Gauntlet | Found a transporter.
 15174 | Gauntlet | Found a transporter.
 15174 | Gauntlet | Found a transporter.
 15179 | Gauntlet | Found a transporter.
 15199 | Gauntlet | Noticed a death yak
 15201 | Gauntlet | Noticed a death yak
 15208 | Gauntlet | Noticed a death yak
 15212 | Gauntlet | Found a transporter.
 15212 | Gauntlet | Found a transporter.
 15281 | Gauntlet | HP: 44/94 [death yak (8)]
 15282 | Gauntlet | HP: 17/94 [death yak (6)]
 15282 | Gauntlet | Slain by a death yak

Illustrated notes

Levels and vault maps discovered:
D:1:      scummos_arrival_checkerplants, layout_loops_ring
D:2:      layout_basic, dreamdust_ecumenical_altar_statues, minmay_pentomino_u2
D:3:      layout_loops_corners, mainiacjoe_overflow_brackets,
          mainiacjoe_overflow_alcove_2, st_stairs_2, bh_walls_and_bars,
          uniq_terence, uniq_jessica
D:4:      layout_layer_cave
D:5:      layout_loops_corners
D:6:      layout_cave_pools, mainiacjoe_overflow_surrounded_room,
          minmay_temple_entry_junction_2, serial_shops, shop_coins
D:7:      layout_loops_ring, hellmonk_ghost_happy_afterlife, serial_shops,
          nicolae_shop_hallway_plus, nicolae_shop_hallway_plus, serial_glass,
          glass_columns_b, glass_columns_b
D:8:      layout_basic, mainiacjoe_overflow_tiny_flanked, serial_shops,
          nicolae_lakefront_shop, minmay_guarded_unrand_finisher
D:9:      layout_cave_pools, david_lair_shrubbed, orc_david_3, serial_shops,
          nicolae_shop_overgrown_old_shop, nrook_campfire,
          kennysheep_generic_room_6
D:10:     layout_cross, nicolae_diode_basic
D:11:     layout_irregular_city, uniq_erica
D:12:     layout_grid_maze
D:13:     layout_stronghold, david_vaults_5, minmay_misc_feat_pillars,
          minmay_guarded_unrand_zonguldrok, uniq_snorg
Temple:   hc_temple_tempest_star
Lair:1:   layout_gridlike, minmay_holes, lemuel_fruit_tree,
          serial_bayou_shore_a, uniq_harold
Lair:2:   layout_cave_pods, gauntlet_entry_generic
Gauntlet: minmay_gauntlet_mixed_oops_all_seconds
          [minmay_gauntlet_arena_77_chump_sandwich, nicolae_gauntlet_arena_x,
          minmay_gauntlet_arena_77_hold_the_fort, nicolae_gauntlet_arena_blocks,
          minmay_gauntlet_arena_77_broken_ladder,
          nicolae_gauntlet_arena_grate_2, dreamdust_gauntlet_exit_labyrinth]

Skill      XL: |  1  2  3  4  5  6  7  8  9 10 11 12 |
---------------+-------------------------------------+-----
Maces & Flails | 2 3 4 5 7 8 10 13 15 16 | 16.0
Throwing       | 8 12 | 12.1
Fighting       | |  2.6
Armour         | |  3.6
Shields        | |  3.2

Action                   |  1- 3 |  4- 6 |  7- 9 | 10-12 || total
-------------------------+-------+-------+-------+-------++-------
Melee: Flail             |    95 |       |       |       ||    95
       Tailslap          |     8 |    16 |    22 |    44 ||    90
       Spear             |    18 |   127 |    44 |       ||   189
       Morningstar       |       |       |   106 |   268 ||   374
Throw: Dart              |       |     6 |     6 |    29 ||    41
Invok: Heroism           |       |       |       |     1 ||     1
Evoke: Wand              |       |       |       |     2 ||     2
  Use: Scroll            |       |       |     8 |     7 ||    15
       Potion            |       |       |       |     2 ||     2
 Stab: Distracted        |       |       |     1 |     4 ||     5
       Sleeping          |       |       |       |     1 ||     1
Armor: Scale mail        |    51 |    24 |    47 |    22 ||   144
       Ring mail         |       |       |       |    63 ||    63
Dodge: Dodged            |    43 |    40 |    24 |    54 ||   161
Block: Buckler           |    15 |    13 |    11 |    40 ||    79

Table legend: (Time is in decaauts)
 A = Elapsed time spent in this place.
 B = Non-inter-level travel time spent in this place.
 C = Inter-level travel time spent in this place.
 D = Time resting spent in this place.
 E = Time spent auto-exploring this place.
 F = Levels seen in this place.
 G = Mean time per level.
                   A        B        C        D        E       F      G
               +--------+--------+--------+--------+--------+-----+--------+
         Total |  15340 |  13987 |   1353 |   1622 |  10107 |  17 |  902.4 |
       Dungeon |  13915 |  12599 |   1316 |   1511 |   9070 |  13 | 1070.4 |
        Temple |    258 |    227 |     31 |      0 |    211 |   1 |  258.0 |
          Lair |    940 |    935 |      5 |    111 |    651 |   2 |  470.0 |
      Gauntlet |    226 |    226 |      0 |      0 |    175 |   1 |  226.0 |
               +--------+--------+--------+--------+--------+-----+--------+

Top non-repeatable levels by time:
    D:11: 1515 daAuts
     D:4: 1347 daAuts
     D:5: 1270 daAuts
    D:10: 1200 daAuts
     D:9: 1192 daAuts
    D:12: 1187 daAuts
     D:3: 1179 daAuts
     D:2: 1027 daAuts
     D:8: 1009 daAuts
     D:7: 959 daAuts
     D:1: 867 daAuts
  Lair:1: 723 daAuts
     D:6: 644 daAuts
    D:13: 513 daAuts
  Temple: 258 daAuts
